 Dungeon Crawl Stone Soup version 0.30-a0-331-g8ab09dc110 (webtiles) character file.

Game seed: 11738231029490129231

33621 Zonian the Thaumaturge (level 14, -3/112 HPs)
             Began as a Djinni Ice Elementalist on Oct 29, 2022.
             Was a Priest of Ashenzari.
             Slain by an apocalypse crab (5 damage)
             ... on level 2 of the Abyss.
             The game lasted 00:54:16 (21775 turns).

Zonian the Thaumaturge (Djinni Ice Elementalist)   Turns: 21775, Time: 00:54:17

Health: -3/112     AC:  7    Str:  9    XL:     14   Next: 9%
Gold:   466        EV: 19    Int: 22    God:    Ashenzari [***...] SH:  5 Dex: 23

rFire   + + +      SeeInvis +    O - +8 trident of Skirmishing {drain, rC+ Str+2}
rCold   + . .      Faith    .    (no shield)
rNeg    + . .      Spirit   .    F - +1 leather armour "At What Cost Knowledge?" {Dex+3, Evo, Self} (curse)
rPois   ∞          Reflect  +    (no helmet)
rElec   .          Harm     .    y - scarf of the Eternal Seer {rC+ rF+, Self, Evo} (curse)
rCorr   .          Rampage  .    p - +2 pair of gloves of Ouranomancy {Melee, Fort} (curse)
Will    +....      Clarity  +    (boots unavailable)
Stlth   +++.......               E - amulet of Ashenzari's Visionary {Reflect SH+5, Self, Melee} (curse)
HPRegen 0.38/turn                H - ring of positive energy
MPRegen 0.00/turn                I - ring of the Gnostic Moon {Dex+6, Cun, Fort} (curse)

@: mighty, on berserk cooldown, flying, slowed, very slow
A: sickness immunity, fire resistance 2, cold vulnerability 1, float, innate
caster, HP casting, extra vitality 1, sense surroundings 1, MP-powered wands
a: Renounce Religion, Shatter the Chains


You were on level 2 of the Abyss.
You worshipped Ashenzari.
Ashenzari was most pleased with you.
You visited 3 branches of the dungeon, and saw 14 of its levels.
You visited the Abyss 1 time.
You also visited: Bailey and Gauntlet.

You collected 1941 gold pieces.
You spent 1475 gold pieces at shops.

Inventory:

Hand Weapons
 a - a +1 short sword of protection
 c - a +2 whip of freezing
 g - a +2 dagger of venom
 m - a +4 dagger
 s - the +1 sling of the Boar {drain, rN+ rCorr Str+3}
   (You found it on level 3 of the Dungeon)

   A truly terrible weapon, it drains the life of any living foe it strikes.
   Str:       It affects your strength (+3).
   rN:        It protects you from negative energy.
   rCorr:     It protects you from acid and corrosion.
 z - a +0 rapier
 C - the +3 falchion of Vanity {flame, *Noise Fly rN+ Stlth+}
   (You found it on level 7 of the Dungeon)

   It burns those it strikes, dealing additional fire damage.
   Big, fiery blades are also staple armaments of hydra-hunters.
   rN:        It protects you from negative energy.
   Fly:       It grants you flight.
   *Noise:    It may make noises in combat.
   Stlth:     It makes you more stealthy.
 K - a +2 hand axe of flaming
 M - the +3 short sword of Resumed Hostilities {antimagic, rF+ rCorr SInv}
   (You bought it in a shop on level 10 of the Dungeon)

   It reduces the magical energy of the wielder, and disrupts the spells and
   magical abilities of those it strikes.
   Natural abilities and divine invocations are not affected.
   rF:        It protects you from fire.
   SInv:      It lets you see invisible.
   rCorr:     It protects you from acid and corrosion.
 O - the +8 trident of Skirmishing (weapon) {drain, rC+ Str+2}
   (You bought it in a shop on level 9 of the Dungeon)

   A truly terrible weapon, it drains the life of any living foe it strikes.
   Str:       It affects your strength (+2).
   rC:        It protects you from cold.
Missiles
 i - 10 boomerangs
 n - 3 throwing nets
 D - 27 poisoned darts
Armour
 b - a +0 robe
 l - a +0 pair of gloves
 p - the cursed +2 pair of gloves of Ouranomancy (worn) {Melee, Fort}
   (You found it on level 2 of the Dungeon)

   It has a curse which improves the following skills: Melee Combat: Short
   Blades, Long Blades, Axes, Maces & Flails, Polearms, Staves and Unarmed
   Combat.
   Fortitude: Armour and Shields.
 y - the cursed scarf of the Eternal Seer (worn) {rC+ rF+, Self, Evo}
   (You found it on level 1 of the Lair of Beasts)

   It has a curse which improves the following skills: Introspection: Fighting
   and Spellcasting.
   Evocations: Evocations.
 F - the cursed +1 leather armour "At What Cost Knowledge?" (worn) {Dex+3, Evo, Self}
   (You found it on level 7 of the Dungeon)

   Dex:       It affects your dexterity (+3).
   It has a curse which improves the following skills: Evocations: Evocations.
   Introspection: Fighting and Spellcasting.
 P - a +0 leather armour of cold resistance
Jewellery
 B - a ring of see invisible
 E - the cursed amulet of Ashenzari's Visionary (around neck) {Reflect SH+5, Self, Melee}
   (You found it on level 6 of the Dungeon)

   [amulet of reflection]

   It reflects blocked missile attacks.
   SH:        It affects your SH (+5).
   It has a curse which improves the following skills: Introspection: Fighting
   and Spellcasting.
   Melee Combat: Short Blades, Long Blades, Axes, Maces & Flails, Polearms,
   Staves and Unarmed Combat.
 H - a ring of positive energy (left hand)
 I - the cursed ring of the Gnostic Moon (right hand) {Dex+6, Cun, Fort}
   (You found it on level 9 of the Dungeon)

   [ring of dexterity]

   Dex:       It affects your dexterity (+6).
   It has a curse which improves the following skills: Cunning: Dodging and
   Stealth.
   Fortitude: Armour and Shields.
Wands
 t - a wand of flame (30)
 A - a wand of mindburst (12)
 J - a wand of roots (1)
 N - a wand of paralysis (3)
Scrolls
 e - a scroll of butterflies
 h - 5 scrolls of enchant armour
 j - 2 scrolls of teleportation
 w - 3 scrolls of enchant weapon
 L - a scroll of poison
Potions
 k - 5 potions of mutation
 o - 5 potions of attraction
 q - 2 potions of might
 r - 2 potions of brilliance
 u - a potion of cancellation
 v - 2 potions of haste
 G - 2 potions of invisibility
 Q - a potion of lignification


   Skills:
 - Level 10.9(14.1) Fighting
 - Level 7.3(9.8) Short Blades
 + Level 6.4(8.9) Polearms
 - Level 8.0(9.6) Dodging
 - Level 3.2(4.6) Stealth
 - Level 12.3(15.5) Spellcasting


You had 14 spell levels left.
You knew the following spells:

 Your Spells              Type           Power      Damage    Failure   Level
a - Freeze                Ice            100%       1d10      0%          1
b - Frozen Ramparts       Ice            100%       1d16      1%          3
c - Ozocubu's Armour      Ice            71%        N/A       1%          3
d - Summon Ice Beast      Ice/Summ       71%        N/A       1%          4
e - Kiss of Death         Conj/Necr      100%       2d13      0%          1
f - Wereblood             Tmut           71%        N/A       0%          2
g - Stone Arrow           Conj/Erth      100%       3d13      1%          3
h - Ignite Poison         Fire/Tmut/Pois 71%        N/A       1%          3
i - Irradiate             Conj/Tmut      35%        3d23      1%          5
j - Silence               Hex/Air        35%        N/A       1%          5
Your spell library was empty.

Dungeon Overview and Level Annotations

Branches:
Dungeon (11/15)            Temple (1/1) D:6            Lair (2/5) D:11
    Orc (0/2) D:10         Bailey (visited)         Gauntlet (visited)
  Swamp: Lair:2-3    Shoals: Lair:2-3     Snake: Lair:2-3    Spider: Lair:2-3

Altars:
Ashenzari
Dithmenos
Elyvilon
Gozag
Hepliaklqana
Makhleb
Nemelex Xobeh
Okawaru
Qazlal
Ru
Uskayaw
Xom
Yredelemnul
Zin
The Shining One

Shops:
D:5 *   D:7 *   D:9 (   D:10 (

Annotations:
D:1 2 runed translucent doors
D:5 3 runed translucent doors, IntegralDomain's ghost, novice MiBe Gauntlet 2 transporters


Innate Abilities, Weirdness & Mutations

You are immune to sickness and miasma.
You are immune to poison.
Your flesh is very heat resistant. (rF++)
You are vulnerable to cold. (rC-)
You float through the air rather than walking.
You learn spells naturally, not from books.
Your magical power is your life essence.
You have superior vitality. (+4 MHP)
You passively map a small area around you.
You expend health (3 HP) to strengthen your wands.


Message History

You block the tentacled starspawn's attack.
The tentacled starspawn tentacle-slaps you but does no damage.
You puncture the tentacled starspawn!
The tentacled starspawn is severely damaged.
You puncture the tentacled starspawn!
The tentacled starspawn is severely damaged.
The tentacled starspawn misses you.
The tentacled starspawn tentacle-slaps you!
* * * LOW HITPOINT WARNING * * *
You puncture the tentacled starspawn!
The tentacled starspawn is almost destroyed.
You impale the tentacled starspawn!!
You destroy the tentacled starspawn!
The starspawn's tentacles wither and die.
Your extra speed is starting to run out.
Unknown command.
You start resting.
You feel a strong urge to attack something.
You start resting.
You feel your anger nearly subside.
Unknown command.
You start resting.
You are no longer berserk.
You are exhausted.
You feel yourself slow down.
You start resting.
You feel yourself slow down.
You start resting.
An apocalypse crab comes into view.
Unknown command.
You impale the apocalypse crab!!
The apocalypse crab is heavily wounded.
The apocalypse crab barely misses you.
The apocalypse crab completely misses you.
You hit the apocalypse crab.
The apocalypse crab is heavily wounded.
The apocalypse crab misses you. The apocalypse crab claws you!
* * * LOW HITPOINT WARNING * * *
The apocalypse crab freezes you. You resist.
You die...

* . ## # .
* ,{ #.
.*## . * *
, # . #
... ., ##
X * .....
. .. .#,#
.# , # ,
#* * * ...
###.# , *
. , *,*
#.##.# # .
. ,
,,##t..###
, # . *
#@# .X##.
. # .. ,
,### #
..X# .. #
,*# # .# .
##. XX *,
* , ,. {─.
, ,,, ,,.
. * .. . ,
, .. .. .
...... . *
, . .


You could see an apocalypse crab.

Vanquished Creatures
  2 tentacled starspawn (Abyss:2)
  An orc warlord (Bailey)
  Fannar (Lair:1)
  A centaur warrior (D:10)
  2 boulder beetles (Lair:1)
  5 two-headed ogres
  Amaemon (Lair:1)
  A wretched star (Abyss:2)
  Pikel (D:4)
  An orc knight (Bailey)
  2 ugly things (D:10)
  2 worldbinders (Abyss:2)
  Joseph (Lair:1)
  An orange demon (Lair:1)
  4 cane toads
  A rime drake (Lair:1)
  A komodo dragon (Lair:1)
  2 trolls (D:11)
  A hornet (D:9)
  A raiju (Gauntlet)
  A centaur simulacrum (D:10)
  2 large abominations (Abyss:2)
  A wraith (D:10)
  2 vampires
  A basilisk (Lair:1)
  19 yaks
  2 steam dragons (Gauntlet)
  4 vampire mosquitoes (D:10)
  A small abomination (Abyss:2)
  4 water moccasins
  19 orc warriors
  A sky beast (D:8)
  5 ogres
  12 centaurs
  2 lemures (D:4)
  4 phantoms
  2 kobold brigands
  5 bullfrogs
  5 necrophages
  3 scorpions
  10 wights
  9 killer bees
  A quasit (Abyss:2)
  3 hounds
  A jelly (D:6)
  7 orc priests
  An iguana (D:6)
  9 orc wizards
  Natasha (D:4)
  18 gnolls
  6 adders
  3 shadow imps
  3 ufetubi
  4 worms
  3 dart slugs
  35 orcs
  3 bats
  4 endoplasms
  3 giant cockroaches
  27 goblins
  28 hobgoblins
  20 kobolds
  4 quokkas
  7 ball pythons
  5 frilled lizards (D:1)
  5 rats
347 creatures vanquished.

Vanquished Creatures (collateral kills)
  2 yaks (Lair:2)
  A small abomination (Abyss:2)
3 creatures vanquished.

Vanquished Creatures (others)
  An orc wizard (D:10)
  8 fungi
  A lurking horror (Abyss:2)
  10 plants
  6 starspawn tentacles (Abyss:2)
26 creatures vanquished.

Grand Total: 376 creatures vanquished

Notes
Turn   | Place    | Note
-------+----------+-------------------------------------------
     0 | D:1      | Zonian the Djinni Ice Elementalist began the quest for the
                  | Orb.
     0 | D:1      | Zonian set off with the following spells memorised: Freeze,
                  | Frozen Ramparts, Ozocubu's Armour, Summon Ice Beast.
     0 | D:1      | Reached XP level 1. HP: 15/15 MP: 0/0
   244 | D:1      | Found a large runed translucent door.
   244 | D:1      | Found a large runed translucent door.
   401 | D:1      | Found a faded altar of an unknown god.
   407 | D:1      | Reached XP level 2. HP: 20/21 MP: 0/0
   953 | D:1      | Reached XP level 3. HP: 24/25 MP: 0/0
   953 | D:1      | Learned a level 1 spell: Kiss of Death
  1595 | D:2      | Reached XP level 4. HP: 26/31 MP: 0/0
  2097 | D:2      | Reached XP level 5. HP: 35/35 MP: 0/0
  2097 | D:2      | Learned a level 2 spell: Wereblood
  2406 | D:3      | Identified the +1 sling of the Boar {drain, rN+ rCorr
                  | Str+3}
  2463 | D:3      | Found an iron altar of Okawaru.
  2503 | D:3      | Found a basalt altar of Yredelemnul.
  2504 | D:3      | Found a sparkling altar of Nemelex Xobeh.
  2505 | D:3      | Found a white marble altar of Elyvilon.
  2505 | D:3      | Found a glowing golden altar of the Shining One.
  3271 | D:4      | Reached skill level 4 in Spellcasting
  3376 | D:4      | Reached XP level 6. HP: 28/40 MP: 0/0
  4257 | D:5      | Entered Level 5 of the Dungeon
  4280 | D:4      | Noticed Natasha
  4294 | D:4      | Gained mutation: You are dopey. (Int -2) [potion of
                  | mutation]
  4302 | D:4      | Killed Natasha
  4951 | D:4      | Noticed Pikel
  4991 | D:4      | Killed Pikel
  4992 | D:4      | Reached skill level 6 in Spellcasting
  4992 | D:4      | Reached XP level 7. HP: 9/45 MP: 0/0
  4992 | D:4      | Learned a level 3 spell: Stone Arrow
  4992 | D:4      | Reached XP level 8. HP: 10/50 MP: 0/0
  5653 | D:4      | Lost mutation: You are dopey. (Int -2) [potion of mutation]
  5653 | D:4      | Gained mutation: You have hidden genetic potential. [potion
                  | of mutation]
  5653 | D:4      | Gained mutation: You are dopey. (Int -2) [potion of
                  | mutation]
  5654 | D:4      | Lost mutation: You are dopey. (Int -2) [potion of mutation]
  5654 | D:4      | Lost mutation: You have hidden genetic potential. [potion
                  | of mutation]
  5654 | D:4      | Gained mutation: You have hidden genetic potential. [potion
                  | of mutation]
  5654 | D:4      | Gained mutation: You expend health (3 HP) to strengthen
                  | your wands. [potion of mutation]
  5654 | D:4      | Lost mutation: You have hidden genetic potential. [potion
                  | of mutation]
  5654 | D:4      | Gained mutation: You passively map a small area around you.
                  | [potion of mutation]
  5835 | D:5      | Found a runed translucent gate.
  5836 | D:5      | Found a runed translucent gate.
  5837 | D:5      | Found a runed translucent gate.
  5837 | D:5      | Found an opulent altar of Gozag.
  5839 | D:5      | Noticed IntegralDomain's ghost (novice MiBe)
  5839 | D:5      | Noticed a yak
  5839 | D:5      | Noticed a troll
  5864 | D:5      | Reached skill level 7 in Spellcasting
  6770 | D:5      | Found a large runed translucent door.
  6771 | D:5      | Found a large runed translucent door.
  6780 | D:5      | Found a burning altar of Makhleb.
  6797 | D:5      | Found a hazy altar of Hepliaklqana.
  7273 | D:5      | Reached skill level 8 in Spellcasting
  7273 | D:5      | Reached XP level 9. HP: 52/55 MP: 0/0
  7273 | D:5      | Learned a level 3 spell: Ignite Poison
  7294 | D:5      | Found Piafig's Elemental Accessories.
  7998 | D:6      | You are sucked into a shaft and drop 2 floors!
  8005 | D:8      | Noticed a two-headed ogre
  8011 | D:8      | Killed a two-headed ogre
  8012 | D:8      | Reached skill level 9 in Spellcasting
  8680 | D:7      | Found Alaedwaang's General Store.
  8683 | D:7      | Bought a wand of mindburst (12) for 235 gold pieces
  8863 | D:7      | Identified the +2 scale mail of Nice Satisfaction {rF-
                  | Str+9}
  8876 | D:7      | Identified the +3 falchion of Vanity {flame, *Noise Fly rN+
                  | Stlth+}
  9059 | D:7      | Reached skill level 10 in Spellcasting
  9059 | D:7      | Reached XP level 10. HP: 52/60 MP: 0/0
  9278 | D:6      | Found a shimmering altar of Xom.
 10229 | D:6      | Found a staircase to the Ecumenical Temple.
 10242 | Temple   | Entered the Ecumenical Temple
 10269 | Temple   | Became a worshipper of Ashenzari the Shackled
 11229 | D:7      | Identified the +1 leather armour of Fun {Dex+3}
 11562 | D:8      | Reached skill level 5 in Dodging
 12483 | D:9      | Noticed a two-headed ogre
 12488 | D:9      | Killed a two-headed ogre
 12911 | D:9      | Found Qufeffucopt's Weapon Emporium.
 12961 | D:9      | Reached * piety under Ashenzari
 12981 | D:9      | Noticed a two-headed ogre
 12989 | D:9      | Killed a two-headed ogre
 12990 | D:9      | Reached XP level 11. HP: 42/65 MP: 0/0
 12990 | D:9      | Learned a level 5 spell: Irradiate
 13635 | D:10     | Entered Level 10 of the Dungeon
 13662 | D:10     | Noticed a two-headed ogre
 13670 | D:10     | Killed a two-headed ogre
 13671 | D:10     | Reached skill level 5 in Short Blades
 13774 | D:10     | Found a flagged portal.
 13792 | Bailey   | Entered a bailey
 14051 | Bailey   | Noticed an orc knight
 14071 | Bailey   | Killed an orc knight
 14181 | Bailey   | Noticed an orc warlord
 14189 | Bailey   | Reached skill level 1 in Fighting
 14201 | Bailey   | Killed an orc warlord
 14323 | Bailey   | Reached skill level 11 in Spellcasting
 14323 | Bailey   | Reached XP level 12. HP: 87/87 MP: 0/0
 14572 | D:10     | Found Beuf's Antique Weapon Shoppe.
 14985 | D:10     | Reached skill level 12 in Spellcasting
 15274 | D:10     | Found a staircase to the Orcish Mines.
 15331 | D:10     | Noticed a centaur warrior
 15583 | D:10     | Killed a centaur warrior
 15584 | D:10     | Reached XP level 13. HP: 35/94 MP: 0/0
 15584 | D:10     | Learned a level 5 spell: Silence
 16971 | D:10     | Reached ** piety under Ashenzari
 17160 | D:11     | Found a staircase to the Lair.
 17447 | D:10     | Bought a polished short sword for 208 gold pieces
 17447 | D:10     | Identified the +3 short sword of Resumed Hostilities
                  | {antimagic, rF+ rCorr SInv} (You bought it in a shop on
                  | level 10 of the Dungeon)
 17862 | D:11     | Identified a scroll of acquirement
 17870 | D:11     | Acquired 1132 gold pieces
 17961 | D:9      | Bought the +8 trident of Skirmishing {drain, rC+ Str+2} for
                  | 1032 gold pieces
 18033 | Lair:1   | Entered Level 1 of the Lair of Beasts
 18051 | Lair:1   | Reached skill level 1 in Polearms
 18419 | Lair:1   | Reached *** piety under Ashenzari
 19011 | Lair:1   | Noticed Amaemon
 19026 | Lair:1   | Killed Amaemon
 19027 | Lair:1   | Reached skill level 10 in Fighting
 19158 | Lair:1   | Noticed Fannar
 19178 | Lair:1   | Killed Fannar
 20291 | Lair:1   | Noticed Joseph
 20317 | Lair:1   | Killed Joseph
 21051 | Lair:2   | Found a gate leading to a gauntlet.
 21066 | Gauntlet | Entered a Gauntlet
 21066 | Gauntlet | Found a transporter.
 21094 | Gauntlet | Found a runed translucent door.
 21098 | Gauntlet | Found a transporter.
 21098 | Gauntlet | Found a transporter.
 21124 | Gauntlet | Found a transporter.
 21366 | Gauntlet | Found a transporter.
 21369 | Abyss:2  | Cast into level 2 of the Abyss (a wizard)
 21412 | Abyss:2  | Noticed a starcursed mass
 21412 | Abyss:2  | Noticed a hellephant
 21422 | Abyss:2  | Noticed a purple draconian
 21427 | Abyss:2  | Noticed a rakshasa
 21629 | Abyss:2  | Reached skill level 5 in Polearms
 21706 | Abyss:2  | Noticed a revenant
 21715 | Abyss:2  | Noticed a tentacled starspawn
 21739 | Abyss:2  | Killed a tentacled starspawn
 21740 | Abyss:2  | Reached XP level 14. HP: 9/112 MP: 0/0
 21755 | Abyss:2  | Noticed a tentacled starspawn
 21762 | Abyss:2  | HP: 7/168 [tentacled starspawn (14)]
 21764 | Abyss:2  | Killed a tentacled starspawn
 21775 | Abyss:2  | HP: 2/112 [apocalypse crab (7)]
 21775 | Abyss:2  | Slain by an apocalypse crab

Illustrated notes

Levels and vault maps discovered:
D:1:      erik_arrival_cave_to_civilisation [erik_arrival_cave_to_temple],
          layout_basic, basic_ecumenical_altar
D:2:      layout_basic, chequers_serial_rivers_micro_e, grunt_ministairs_7,
          kennysheep_generic_room_12
D:3:      layout_rooms, okawaru_trees_2, grunt_temple_overflow_open
D:4:      layout_basic, grunt_decor_cap, uniq_natasha, uniq_pikel
D:5:      corexii_shantytown, layout_cave_pods, jmf_multi_god_temple2,
          ebering_ghost_gozag, nicolae_elemental_shop
D:6:      layout_loops_corners, xom_teletrap_fun, minmay_temple_entry_statues,
          grunt_decor_mini_mirrors
D:7:      layout_basic, serial_shops, nicolae_shop_behind_doors
D:8:      layout_cave_pools
D:9:      layout_basic, serial_shops, nicolae_shop_advertising_works
          [nicolae_subvault_shop_adworks]
D:10:     layout_roguey, led_sif_pool, david_orc_4, enter_bailey_4,
          nicolae_take_the_stairs, grunt_tough_drop
D:11:     layout_loops_corners, grunt_lair_entry_orc_guard_hut, tso_altar
Temple:   nicolae_temple_hex_pool
Lair:1:   layout_layer_cave, grunt_megastairs_1, uniq_fannar, uniq_joseph,
          uniq_amaemon
Lair:2:   layout_misc_corridors, minmay_shoals_entry_hut,
          spider_nest_entry_rubble, gauntlet_entry_generic
Abyss:2:  base:
D:3
Gauntlet: minmay_gauntlet_77_tree [minmay_gauntlet_arena_77_path,
          minmay_gauntlet_arena_77_mirror, minmay_gauntlet_arena_77_two_lines,
          minmay_gauntlet_arena_77_terracotta_army,
          minmay_gauntlet_arena_77_mess, minmay_gauntlet_arena_77_museum,
          minmay_gauntlet_arena_77_box, gauntlet_exit_watery]

Skill      XL: |  1  2  3  4  5  6  7  8  9 10 11 12 13 14 |
---------------+-------------------------------------------+-----
Stealth        | 2 3 |  3.2
Dodging        | 3 4 8 |  8.0
Spellcasting   | 4 6 8 10 11 12 | 12.3
Short Blades   | 3 6 7 |  7.3
Fighting       | 7 8 10 | 10.9
Polearms       | 5 6 |  6.4

Action                   |  1- 3 |  4- 6 |  7- 9 | 10-12 | 13-15 || total
-------------------------+-------+-------+-------+-------+-------++-------
Melee: Short sword       |    18 |    39 |    54 |       |       ||   111
       Unarmed           |     1 |       |       |       |       ||     1
       Punch             |     1 |       |     2 |     4 |     7 ||    14
       Dagger            |       |    51 |    76 |   281 |   239 ||   647
       Falchion          |       |       |       |    10 |       ||    10
       Trident           |       |       |       |       |    57 ||    57
 Fire: Sling             |       |    19 |    49 |     2 |       ||    70
Throw: Throwing net      |       |     1 |       |       |       ||     1
 Cast: Freeze            |    48 |    41 |       |       |       ||    89
       Frozen Ramparts   |       |     6 |    12 |    11 |     7 ||    36
       Ozocubu's Armour  |       |     1 |     1 |     3 |     4 ||     9
       Kiss of Death     |       |     1 |       |       |       ||     1
       Stone Arrow       |       |       |    21 |   108 |    81 ||   210
       Wereblood         |       |       |       |     6 |     2 ||     8
       Summon Ice Beast  |       |       |       |     1 |     5 ||     6
       Irradiate         |       |       |       |       |     1 ||     1
Invok: Curse Item        |       |       |       |     2 |     3 ||     5
Evoke: Wand              |       |       |       |       |    10 ||    10
  Use: Scroll            |       |     9 |     6 |     1 |     3 ||    19
       Potion            |       |     5 |     2 |     7 |    12 ||    26
 Stab: Sleeping          |       |     5 |     8 |     4 |     6 ||    23
Armor: Robe              |    12 |    38 |    48 |    18 |       ||   116
       Skin              |       |    22 |       |       |       ||    22
       Leather armour    |       |       |       |    43 |    45 ||    88
Dodge: Dodged            |    30 |    86 |   102 |   182 |   184 ||   584
Block: Other             |       |       |       |    31 |    55 ||    86
       Reflection        |       |       |       |       |     3 ||     3

Table legend: (Time is in decaauts)
 A = Elapsed time spent in this place.
 B = Non-inter-level travel time spent in this place.
 C = Inter-level travel time spent in this place.
 D = Time resting spent in this place.
 E = Time spent auto-exploring this place.
 F = Levels seen in this place.
 G = Mean time per level.
                   A        B        C        D        E       F      G
               +--------+--------+--------+--------+--------+-----+--------+
         Total |  21590 |  20952 |    638 |   9831 |   7298 |  17 | 1270.0 |
       Dungeon |  17281 |  16682 |    599 |   7704 |   6253 |  11 | 1571.0 |
        Temple |     50 |     27 |     23 |      0 |     20 |   1 |   50.0 |
          Lair |   2977 |   2961 |     16 |   1523 |   1007 |   2 | 1488.5 |
         Abyss |    374 |    374 |      0 |    204 |      0 |   1 |  374.0 |
        Bailey |    608 |    608 |      0 |    290 |     18 |   1 |  608.0 |
      Gauntlet |    297 |    297 |      0 |    110 |      0 |   1 |  297.0 |
               +--------+--------+--------+--------+--------+-----+--------+

Top non-repeatable levels by time:
  Lair:1: 2685 daAuts
     D:4: 2582 daAuts
    D:10: 2315 daAuts
     D:5: 2179 daAuts
     D:9: 1763 daAuts
     D:6: 1743 daAuts
     D:8: 1344 daAuts
    D:11: 1280 daAuts
     D:2: 1202 daAuts
     D:1: 1186 daAuts
     D:7: 941 daAuts
     D:3: 743 daAuts
  Bailey: 608 daAuts
 Abyss:2: 374 daAuts
Gauntlet: 297 daAuts
